Blackhawks vs Rangers
Created - May 16, 2022 at 19:31
Goals
|
| Blackhawks |
2 |
1 |
2 |
5 |
| Rangers |
0 |
0 |
1 |
1 |
|
Shots
|
| Blackhawks |
15 |
12 |
9 |
36 |
| Rangers |
10 |
3 |
14 |
27 |
|
1st period
1. Blackhawks , Jordan Staal 20 (Johnny Gaudreau 47, Jakob Silfverberg 26) at 11:57
2. Blackhawks , Corey Perry 21 (Antoine Roussel 20, Derek Roy 27) at 16:49
Penalties :
Nick Bonino (Chi) for Holding (Minor) at 0:56
2nd period
3. Blackhawks , James Wright 11 (Alexander Frolov 8, Blake Wheeler 15) at 16:12
Penalties :
Devante Smith-Pelly (NyR) for Slashing (Minor) at 0:46, Milan Lucic (NyR) for Hooking (Minor) at 3:45
3rd period
4. Rangers , Tomas Hertl 14 (Devante Smith-Pelly 17, Chris Bourque 33) at 2:54
5. Blackhawks , Derek Roy 19 (Raphael Diaz 17, Calvin de Haan 17) at 7:39
6. Blackhawks , James Wright 12 (Calvin de Haan 18) at 18:28
Penalties :
Steve Quailer (NyR) for Slashing (Minor) at 7:52
Goalie Stats
Tuukka Rask (Chi), 26 saves from 27 shots - (0.963), W, 23-19-8, 60:00 minutes
Frederik Andersen (NyR), 31 saves from 36 shots - (0.861), L, 24-24-2, 60:00 minutes
Players Stats for Blackhawks
Player Name G A P +/- PIM S H SB GA TA FO MP PP MP PK MP
------------------------------------------------------------------------------------
Alexander Frolov 0 1 1 2 0 1 1 0 0 0 0/0 13:02 0:00 0:22
Antoine Roussel 0 1 1 2 0 6 5 1 1 0 0/0 17:43 2:46 0:41
Blake Wheeler 0 1 1 2 0 1 0 0 0 0 0/0 12:34 0:00 0:00
Brett Maclean 0 0 0 -1 0 0 1 0 0 0 0/0 7:54 0:00 0:00
Calvin de Haan 0 2 2 4 0 2 1 1 0 1 0/0 20:28 2:13 0:55
Colby Armstrong 0 0 0 -1 0 0 0 1 0 0 0/0 7:54 0:00 0:00
Corey Perry 1 0 1 2 0 2 1 2 0 0 0/1 17:20 2:46 0:22
Derek Roy 1 1 2 2 0 5 3 1 0 0 8/13 17:38 2:46 0:41
Jakob Silfverberg 0 1 1 1 0 3 2 0 0 1 1/2 20:35 3:11 0:00
James Wright 2 0 2 2 0 4 0 1 0 0 1/2 12:34 0:00 0:00
Jamie McBain 0 0 0 0 0 1 4 2 0 0 0/0 26:25 3:44 1:04
Jay Bouwmeester 0 0 0 0 0 0 2 0 0 0 0/0 13:02 0:00 0:00
Johnny Gaudreau 0 1 1 1 0 6 0 1 2 0 0/0 21:31 3:11 0:56
Jordan Staal 1 0 1 1 0 1 3 1 1 1 17/33 21:31 3:11 0:56
Matthew Spiller 0 0 0 0 0 0 0 0 1 1 0/0 13:02 0:00 0:00
Nick Bonino 0 0 0 -1 2 3 1 0 0 0 1/3 7:54 0:00 0:00
Radko Gudas 0 0 0 0 0 1 2 2 0 1 0/0 26:25 3:44 1:04
Raphael Diaz 0 1 1 4 0 0 3 0 0 1 0/0 20:28 2:13 0:55
Players Stats for Rangers
Player Name G A P +/- PIM S H SB GA TA FO MP PP MP PK MP
------------------------------------------------------------------------------------
Artem Anisimov 0 0 0 -1 0 1 2 0 1 0 2/6 15:21 0:00 1:16
Brett Ponich 0 0 0 0 0 3 0 1 0 0 0/0 12:20 0:00 0:00
Chris Bourque 0 1 1 -3 0 4 0 2 1 0 1/2 18:11 0:46 1:31
Devante Smith-Pelly 0 1 1 -3 2 2 1 0 0 0 0/0 16:32 0:46 0:00
Dmitry Kulikov 0 0 0 -2 0 1 1 1 0 0 0/0 26:13 1:25 3:17
Dustin Brown 0 0 0 -1 0 0 1 0 0 0 0/0 13:55 0:00 0:00
Luke Schenn 0 0 0 -2 0 2 2 1 0 1 0/0 26:13 1:25 3:17
Magnus Paajarvi 0 0 0 0 0 1 1 0 0 0 0/0 6:43 0:00 0:09
Matt Delahey 0 0 0 -2 0 0 3 0 0 1 0/0 21:27 0:34 2:40
Milan Lucic 0 0 0 0 2 4 4 0 1 0 1/7 24:13 1:13 2:01
Morgan Ellis 0 0 0 0 0 1 0 0 0 0 0/0 12:20 0:00 0:00
Patrik Nemeth 0 0 0 -2 0 0 1 0 0 0 0/0 21:27 0:34 2:40
Richard Panik 0 0 0 0 0 0 0 2 0 0 0/0 6:07 0:00 0:00
Sean Couturier 0 0 0 0 0 1 1 1 1 2 11/22 20:00 1:13 3:06
Stefan Noesen 0 0 0 0 0 0 0 0 0 0 0/0 1:39 0:00 0:00
Steve Quailer 0 0 0 0 2 2 1 0 1 0 1/1 17:30 1:13 0:30
T.J Galiardi 0 0 0 -1 0 1 1 0 1 0 3/3 15:46 0:00 1:51
Tomas Hertl 1 0 1 -3 0 4 2 2 0 1 7/13 18:03 0:46 1:30
3 Stars
1 - James Wright (Chi)
2 - Derek Roy (Chi)
3 - Calvin de Haan (Chi)
Power Play
Blackhawks - 0 on 3 Attempt(s) - 0.00%
Rangers - 0 on 1 Attempt(s) - 0.00%
Penalty Kill
Blackhawks - 1 on 1 Attempt(s) - 100.00%
- Score 0 goal in Penalty Kill
Rangers - 3 on 3 Attempt(s) - 100.00%
- Score 0 goal in Penalty Kill
Team Stat
Blackhawks - Hits : 29 - Faceoff Wins : 28 - Blocked Shots : 13 - Penalty Minutes : 2
Rangers - Hits : 21 - Faceoff Wins : 26 - Blocked Shots : 10 - Penalty Minutes : 6
Official
Referees : Brandon Schrader and Brian Pochmara
Linesman : Matt MacPherson and Jesse Marquis
Game Notes
No Game Note
Finance
Level 1 -- Attendance: 5973 (99.55%) -- Ticket Income $597,300
Level 2 -- Attendance: 4544 (90.88%) -- Ticket Income $272,640
Level 3 -- Attendance: 1951 (97.55%) -- Ticket Income $68,285
Level 4 -- Attendance: 4000 (100.00%) -- Ticket Income $100,000
Luxury Box -- Attendance: 875 (87.50%) -- Ticket Income $175,000
Game was played at the Madison Square Garden.
Total Attendance: 17343 (96.35%)
Total Ticket Income: $1,213,225
Other Income: $181,984
Total Income: $1,395,209
Blackhawks
5 vs 5 Forward
Center Left Wing Right Wing Time % Phy DF OF
1 Jordan Staal Johnny Gaudreau Jakob Silfverberg 40 1 2 2
2 Derek Roy Antoine Roussel Corey Perry 30 1 2 2
3 James Wright Alexander Frolov Blake Wheeler 20 1 2 2
4 Nick Bonino Brett Maclean Colby Armstrong 10 1 2 2
5 vs 5 Defense
Defense Defense Time % Phy DF OF
1 Jamie McBain Radko Gudas 40 1 2 2
2 Raphael Diaz Calvin de Haan 30 1 2 2
3 Jay Bouwmeester Matthew Spiller 20 1 2 2
4 Jamie McBain Radko Gudas 10 1 2 2
PowerPlay Forward
Center Left Wing Right Wing Time % Phy DF OF
1 Jordan Staal Johnny Gaudreau Jakob Silfverberg 60 1 2 2
2 Derek Roy Antoine Roussel Corey Perry 40 1 2 2
PowerPlay Defense
Defense Defense Time % Phy DF OF
1 Jamie McBain Radko Gudas 60 1 2 2
2 Raphael Diaz Calvin de Haan 40 1 2 2
Penalty Kill 4 Players Forward
Center Wing Time % Phy DF OF
1 Jordan Staal Johnny Gaudreau 60 1 2 2
2 Derek Roy Antoine Roussel 40 1 2 2
Penalty Kill 4 Players Defense
Defense Defense Time % Phy DF OF
1 Jamie McBain Radko Gudas 60 1 2 2
2 Raphael Diaz Calvin de Haan 40 1 2 2
Penalty Kill - 3 Players Forward
Forward Time % Phy DF OF
1 Jordan Staal 60 1 2 2
2 Derek Roy 40 1 2 2
Penalty Kill - 3 Players Defense
Defense Defense Time % Phy DF OF
1 Jamie McBain Radko Gudas 60 1 2 2
2 Raphael Diaz Calvin de Haan 40 1 2 2
4 vs 4 Forward
Center Wing Time % Phy DF OF
1 Jordan Staal Johnny Gaudreau 60 1 2 2
2 Derek Roy Antoine Roussel 40 1 2 2
4 vs 4 Defense
Defense Defense Time % Phy DF OF
1 Jamie McBain Radko Gudas 60 1 2 2
2 Raphael Diaz Calvin de Haan 40 1 2 2
Last Minutes Offensive
Center Left Wing Right Wing Defense Defense
Jordan Staal Johnny Gaudreau Jakob Silfverberg Jamie McBain Radko Gudas
Last Minutes Defensive
Center Left Wing Right Wing Defense Defense
Jordan Staal Johnny Gaudreau Jakob Silfverberg Jamie McBain Radko Gudas
Goaltenders
Starting : Tuukka Rask
Backup : Josh Harding
Extra Forwards
Normal : Corey Perry, Derek Roy, Blake Wheeler - PP : Corey Perry, Derek Roy - PK : Corey Perry
Extra Defensemen
Normal : Calvin de Haan, Jay Bouwmeester, Matthew Spiller - PP : Calvin de Haan - PK : Calvin de Haan, Jay Bouwmeester
Penalty Shots
Johnny Gaudreau, Jakob Silfverberg, Antoine Roussel, Jordan Staal, Corey Perry
Scratches
Shane O'Brien (Healthy)
Rangers
5 vs 5 Forward
Center Left Wing Right Wing Time % Phy DF OF
1 Sean Couturier Milan Lucic Steve Quailer 40 1 2 2
2 Tomas Hertl Chris Bourque Devante Smith-Pelly 30 1 2 2
3 Artem Anisimov T.J Galiardi Dustin Brown 20 1 2 2
4 Milan Lucic Magnus Paajarvi Richard Panik 10 1 2 2
5 vs 5 Defense
Defense Defense Time % Phy DF OF
1 Luke Schenn Dmitry Kulikov 40 1 2 2
2 Patrik Nemeth Matt Delahey 30 1 2 2
3 Brett Ponich Morgan Ellis 20 1 2 2
4 Luke Schenn Dmitry Kulikov 10 1 2 2
PowerPlay Forward
Center Left Wing Right Wing Time % Phy DF OF
1 Sean Couturier Milan Lucic Steve Quailer 60 1 2 2
2 Tomas Hertl Chris Bourque Devante Smith-Pelly 40 1 2 2
PowerPlay Defense
Defense Defense Time % Phy DF OF
1 Luke Schenn Dmitry Kulikov 60 1 2 2
2 Patrik Nemeth Matt Delahey 40 1 2 2
Penalty Kill 4 Players Forward
Center Wing Time % Phy DF OF
1 Milan Lucic Sean Couturier 60 1 2 2
2 Tomas Hertl Steve Quailer 40 1 2 2
Penalty Kill 4 Players Defense
Defense Defense Time % Phy DF OF
1 Luke Schenn Dmitry Kulikov 60 1 2 2
2 Patrik Nemeth Matt Delahey 40 1 2 2
Penalty Kill - 3 Players Forward
Forward Time % Phy DF OF
1 Milan Lucic 60 1 2 2
2 Sean Couturier 40 1 2 2
Penalty Kill - 3 Players Defense
Defense Defense Time % Phy DF OF
1 Luke Schenn Dmitry Kulikov 60 1 2 2
2 Patrik Nemeth Matt Delahey 40 1 2 2
4 vs 4 Forward
Center Wing Time % Phy DF OF
1 Milan Lucic Sean Couturier 60 1 2 2
2 Tomas Hertl Steve Quailer 40 1 2 2
4 vs 4 Defense
Defense Defense Time % Phy DF OF
1 Luke Schenn Dmitry Kulikov 60 1 2 2
2 Patrik Nemeth Matt Delahey 40 1 2 2
Last Minutes Offensive
Center Left Wing Right Wing Defense Defense
Sean Couturier Milan Lucic Steve Quailer Luke Schenn Dmitry Kulikov
Last Minutes Defensive
Center Left Wing Right Wing Defense Defense
Sean Couturier Milan Lucic Steve Quailer Luke Schenn Dmitry Kulikov
Goaltenders
Starting : Frederik Andersen
Backup : Harru Sateri
Extra Forwards
Normal : Stefan Noesen, Dustin Brown, T.J Galiardi - PP : Stefan Noesen, Dustin Brown - PK : T.J Galiardi
Extra Defensemen
Normal : Brett Ponich, Morgan Ellis, Patrik Nemeth - PP : Brett Ponich - PK : Morgan Ellis, Patrik Nemeth
Penalty Shots
Milan Lucic, Sean Couturier, Tomas Hertl, Steve Quailer, Chris Bourque
Scratches
Ryan Strome (Abdomen/Ribs Injury), Vince Dunn (Left Hip Injury)
% Time on Ice - Blackhawks
Lines # - Real PCT - Wanted PCT - Time Play
Normal Forward
1 - 33% - 40% - 17:25
2 - 27% - 30% - 14:11
3 - 24% - 20% - 12:34
4 - 15% - 10% - 7:54
Normal Defense
1 - 37% - 40% - 19:25
2 - 33% - 30% - 17:20
3 - 25% - 20% - 13:02
4 - 4% - 10% - 2:17
PP Forward
1 - 54% - 60% - 3:11
2 - 46% - 40% - 2:46
PP Defense
1 - 63% - 60% - 3:44
2 - 37% - 40% - 2:13
PK Forward
1 - 66% - 60% - 1:18
2 - 34% - 40% - 0:41
PK Defense
1 - 54% - 60% - 1:04
2 - 46% - 40% - 0:55
PK3 Forward
1 - 0% - 60%
2 - 0% - 40%
PK3 Defense
1 - 0% - 60%
2 - 0% - 40%
44 Forward
1 - 0% - 60%
2 - 0% - 40%
44 Defense
1 - 0% - 60%
2 - 0% - 40%
Last Minute Offensive - 0:00
Last Minute Defensive - 0:00
Total
Forward - 60:00
Defense - 60:00
|
% Time on Ice - Rangers
Lines # - Real PCT - Wanted PCT - Time Play
Normal Forward
1 - 31% - 40% - 16:15
2 - 30% - 30% - 15:47
3 - 27% - 20% - 13:55
4 - 12% - 10% - 6:07
Normal Defense
1 - 38% - 40% - 19:40
2 - 35% - 30% - 18:13
3 - 24% - 20% - 12:20
4 - 4% - 10% - 1:51
PP Forward
1 - 61% - 60% - 1:13
2 - 39% - 40% - 0:46
PP Defense
1 - 71% - 60% - 1:25
2 - 29% - 40% - 0:34
PK Forward
1 - 80% - 60% - 4:46
2 - 20% - 40% - 1:11
PK Defense
1 - 55% - 60% - 3:17
2 - 45% - 40% - 2:40
PK3 Forward
1 - 0% - 60%
2 - 0% - 40%
PK3 Defense
1 - 0% - 60%
2 - 0% - 40%
44 Forward
1 - 0% - 60%
2 - 0% - 40%
44 Defense
1 - 0% - 60%
2 - 0% - 40%
Last Minute Offensive - 0:00
Last Minute Defensive - 0:00
Total
Forward - 60:00
Defense - 60:00
|
Play-by-Play
1st period
0:01 of 1st period - Jordan Staal wins face-off versus Sean Couturier in neutral zone.
0:31 of 1st period - Luke Schenn is hit by Derek Roy.
0:51 of 1st period - Snap shot by T.J Galiardi.
0:51 of 1st period - Stopped by Tuukka Rask with a rebound.
0:53 of 1st period - Slapshot by Dmitry Kulikov.
0:53 of 1st period - Stopped by Tuukka Rask without a rebound.
0:54 of 1st period - Nick Bonino wins face-off versus Milan Lucic in Blackhawks zone.
0:56 of 1st period - Minor Penalty to Nick Bonino for Holding.
0:57 of 1st period - Jordan Staal wins face-off versus Sean Couturier in Blackhawks zone.
2:43 of 1st period - Raphael Diaz is hit by Milan Lucic and loses puck.
2:52 of 1st period - Milan Lucic is hit by Corey Perry and loses puck.
2:56 of 1st period - Penalty to Nick Bonino is over, Nick Bonino is back on ice.
4:25 of 1st period - Snap shot by Nick Bonino.
4:25 of 1st period - Shot Blocked by Chris Bourque.
5:16 of 1st period - Wrist shot by Jamie McBain.
5:16 of 1st period - Deflect By Alexander Frolov.
5:16 of 1st period - Deflect By Sean Couturier.
5:16 of 1st period - Stopped by Frederik Andersen without a rebound.
5:17 of 1st period - Sean Couturier wins face-off versus Jordan Staal in Rangers zone.
5:19 of 1st period - Icing by Steve Quailer.
5:20 of 1st period - Sean Couturier wins face-off versus Jordan Staal in Rangers zone.
5:27 of 1st period - Wrist shot by Jordan Staal.
5:27 of 1st period - Shot Misses the Net.
5:45 of 1st period - Morgan Ellis is hit by Antoine Roussel and loses puck.
7:49 of 1st period - Steve Quailer is hit by Jordan Staal and loses puck.
8:02 of 1st period - Snap shot by Jakob Silfverberg.
8:02 of 1st period - Shot Misses the Net.
8:35 of 1st period - Icing by Jamie McBain.
8:36 of 1st period - Artem Anisimov wins face-off versus Corey Perry in Blackhawks zone.
8:39 of 1st period - Snap shot by T.J Galiardi.
8:39 of 1st period - Shot Misses the Net.
8:51 of 1st period - Slapshot by Jamie McBain.
8:51 of 1st period - Deflect By Corey Perry.
8:51 of 1st period - Shot Misses the Net.
8:51 of 1st period - Puck is out of play.
8:52 of 1st period - Tomas Hertl wins face-off versus Jordan Staal in Rangers zone.
9:03 of 1st period - Wrist shot by Jakob Silfverberg.
9:03 of 1st period - Stopped by Frederik Andersen with a rebound.
9:05 of 1st period - Wrist shot by Calvin de Haan.
9:05 of 1st period - Stopped by Frederik Andersen with a rebound.
9:07 of 1st period - Slapshot by Calvin de Haan.
9:07 of 1st period - Shot Blocked by Dmitry Kulikov.
9:09 of 1st period - Snap shot by Jakob Silfverberg.
9:09 of 1st period - Deflect By Johnny Gaudreau.
9:09 of 1st period - Stopped by Frederik Andersen with a rebound.
9:19 of 1st period - Raphael Diaz is hit by Milan Lucic and loses puck.
9:48 of 1st period - Snap shot by James Wright.
9:48 of 1st period - Deflect By Blake Wheeler.
9:48 of 1st period - Shot Misses the Net.
9:48 of 1st period - Puck is out of play.
9:49 of 1st period - Jordan Staal wins face-off versus Milan Lucic in Rangers zone.
10:22 of 1st period - Slapshot by Tomas Hertl.
10:22 of 1st period - Stopped by Tuukka Rask without a rebound.
10:23 of 1st period - Tomas Hertl wins face-off versus Derek Roy in Blackhawks zone.
10:28 of 1st period - Snap shot by Chris Bourque.
10:28 of 1st period - Stopped by Tuukka Rask without a rebound.
10:29 of 1st period - Steve Quailer wins face-off versus Derek Roy in Blackhawks zone.
10:36 of 1st period - Milan Lucic is hit by Antoine Roussel.
10:46 of 1st period - Slapshot by Milan Lucic.
10:46 of 1st period - Stopped by Tuukka Rask without a rebound.
10:47 of 1st period - Tomas Hertl wins face-off versus Jordan Staal in Blackhawks zone.
10:50 of 1st period - Wrist shot by Chris Bourque.
10:50 of 1st period - Stopped by Tuukka Rask with a rebound.
10:52 of 1st period - Snap shot by Tomas Hertl.
10:52 of 1st period - Stopped by Tuukka Rask with a rebound.
10:54 of 1st period - Slapshot by Tomas Hertl.
10:54 of 1st period - Stopped by Tuukka Rask with a rebound.
11:12 of 1st period - Milan Lucic is hit by Radko Gudas.
11:24 of 1st period - Milan Lucic is hit by Jamie McBain and loses puck.
11:41 of 1st period - Wrist shot by Antoine Roussel.
11:41 of 1st period - Stopped by Frederik Andersen with a rebound.
11:43 of 1st period - Wrist shot by Derek Roy.
11:43 of 1st period - Stopped by Frederik Andersen with a rebound.
11:45 of 1st period - Slapshot by Calvin de Haan.
11:45 of 1st period - Deflect By Derek Roy.
11:45 of 1st period - Stopped by Frederik Andersen without a rebound.
11:46 of 1st period - Jordan Staal wins face-off versus Chris Bourque in Rangers zone.
11:57 of 1st period - Slapshot by Jordan Staal.
11:57 of 1st period - Goal by Jordan Staal - Blackhawks : 1 - Rangers : 0.
11:58 of 1st period - Jordan Staal wins face-off versus Sean Couturier in neutral zone.
12:01 of 1st period - Slapshot by Jamie McBain.
12:01 of 1st period - Shot Misses the Net.
12:29 of 1st period - Icing by Devante Smith-Pelly.
12:30 of 1st period - Tomas Hertl wins face-off versus Derek Roy in Rangers zone.
13:03 of 1st period - Snap shot by Derek Roy.
13:03 of 1st period - Shot Blocked by Tomas Hertl.
13:05 of 1st period - Slapshot by Radko Gudas.
13:05 of 1st period - Shot Misses the Net.
13:07 of 1st period - Snap shot by Corey Perry.
13:07 of 1st period - Shot Misses the Net.
13:09 of 1st period - Snap shot by Antoine Roussel.
13:09 of 1st period - Stopped by Frederik Andersen with a rebound.
13:11 of 1st period - Wrist shot by Derek Roy.
13:11 of 1st period - Deflect By Corey Perry.
13:11 of 1st period - Shot Hit the Post.
13:11 of 1st period - Puck is out of play.
13:12 of 1st period - Sean Couturier wins face-off versus Jordan Staal in Rangers zone.
13:22 of 1st period - Wrist shot by Milan Lucic.
13:22 of 1st period - Deflect By Sean Couturier.
13:22 of 1st period - Shot Misses the Net.
13:22 of 1st period - Puck is out of play.
13:23 of 1st period - Jordan Staal wins face-off versus Sean Couturier in Blackhawks zone.
13:23 of 1st period - Jordan Staal is hit by Dmitry Kulikov.
15:13 of 1st period - Patrik Nemeth is hit by Jamie McBain and loses puck.
15:34 of 1st period - Antoine Roussel is hit by Dustin Brown.
15:38 of 1st period - Wrist shot by Derek Roy.
15:38 of 1st period - Stopped by Frederik Andersen with a rebound.
16:20 of 1st period - Blake Wheeler is hit by Tomas Hertl and loses puck.
16:43 of 1st period - Wrist shot by Antoine Roussel.
16:43 of 1st period - Stopped by Frederik Andersen without a rebound.
16:44 of 1st period - Derek Roy wins face-off versus Artem Anisimov in Rangers zone.
16:47 of 1st period - Snap shot by Corey Perry.
16:47 of 1st period - Shot Misses the Net.
16:49 of 1st period - Snap shot by Corey Perry.
16:49 of 1st period - Goal by Corey Perry - Blackhawks : 2 - Rangers : 0.
16:50 of 1st period - Sean Couturier wins face-off versus Jordan Staal in neutral zone.
17:24 of 1st period - Chris Bourque is hit by Raphael Diaz and loses puck.
17:41 of 1st period - Wrist shot by Corey Perry.
17:41 of 1st period - Stopped by Frederik Andersen without a rebound.
17:42 of 1st period - Jordan Staal wins face-off versus Artem Anisimov in Rangers zone.
18:14 of 1st period - Slapshot by Radko Gudas.
18:14 of 1st period - Stopped by Frederik Andersen without a rebound.
18:15 of 1st period - Sean Couturier wins face-off versus Jordan Staal in Rangers zone.
19:10 of 1st period - Slapshot by Steve Quailer.
19:10 of 1st period - Shot Misses the Net.
19:12 of 1st period - Slapshot by Luke Schenn.
19:12 of 1st period - Shot Blocked by Radko Gudas.
19:14 of 1st period - Wrist shot by Sean Couturier.
19:14 of 1st period - Shot Misses the Net.
19:16 of 1st period - Slapshot by Sean Couturier.
19:16 of 1st period - Shot Blocked by James Wright.
19:24 of 1st period - Wrist shot by Milan Lucic.
19:24 of 1st period - Shot Misses the Net.
19:26 of 1st period - Slapshot by Luke Schenn.
19:26 of 1st period - Stopped by Tuukka Rask with a rebound.
19:28 of 1st period - Slapshot by Luke Schenn.
19:28 of 1st period - Stopped by Tuukka Rask without a rebound.
19:29 of 1st period - Jordan Staal wins face-off versus Tomas Hertl in Blackhawks zone.
19:46 of 1st period - Wrist shot by Johnny Gaudreau.
19:46 of 1st period - Stopped by Frederik Andersen without a rebound.
19:47 of 1st period - T.J Galiardi wins face-off versus Derek Roy in Rangers zone.
Goals for this period are 2 for Blackhawks vs 0 for Rangers.
Shots for this period are 15 for Blackhawks vs 10 for Rangers.
2nd period
0:01 of 2nd period - Sean Couturier wins face-off versus Jordan Staal in neutral zone.
0:27 of 2nd period - Devante Smith-Pelly is hit by Jamie McBain and loses puck.
0:36 of 2nd period - Snap shot by Nick Bonino.
0:36 of 2nd period - Stopped by Frederik Andersen with a rebound.
0:38 of 2nd period - Wrist shot by Raphael Diaz.
0:38 of 2nd period - Shot Misses the Net.
0:40 of 2nd period - Slapshot by Raphael Diaz.
0:40 of 2nd period - Shot Misses the Net.
0:46 of 2nd period - Minor Penalty to Devante Smith-Pelly for Slashing.
0:47 of 2nd period - Jordan Staal wins face-off versus Milan Lucic in Rangers zone.
1:14 of 2nd period - Matt Delahey is hit by Jamie McBain.
2:23 of 2nd period - Icing by Jordan Staal.
2:24 of 2nd period - T.J Galiardi wins face-off versus Jakob Silfverberg in Blackhawks zone.
2:46 of 2nd period - Penalty to Devante Smith-Pelly is over, Devante Smith-Pelly is back on ice.
2:55 of 2nd period - Alexander Frolov is hit by Patrik Nemeth and loses puck.
3:22 of 2nd period - Snap shot by Brett Maclean.
3:22 of 2nd period - Shot Misses the Net.
3:36 of 2nd period - Snap shot by Corey Perry.
3:36 of 2nd period - Deflect By Derek Roy.
3:36 of 2nd period - Stopped by Frederik Andersen without a rebound.
3:37 of 2nd period - Derek Roy wins face-off versus Milan Lucic in Rangers zone.
3:42 of 2nd period - Slapshot by Antoine Roussel.
3:42 of 2nd period - Stopped by Frederik Andersen without a rebound.
3:43 of 2nd period - Sean Couturier wins face-off versus Jordan Staal in Rangers zone.
3:45 of 2nd period - Minor Penalty to Milan Lucic for Hooking.
3:46 of 2nd period - T.J Galiardi wins face-off versus Jordan Staal in Rangers zone.
4:26 of 2nd period - Dmitry Kulikov is hit by Radko Gudas and loses puck.
5:45 of 2nd period - Penalty to Milan Lucic is over, Milan Lucic is back on ice.
6:07 of 2nd period - Wrist shot by Nick Bonino.
6:07 of 2nd period - Deflect By Milan Lucic.
6:07 of 2nd period - Stopped by Frederik Andersen with a rebound.
6:42 of 2nd period - Calvin de Haan is hit by Steve Quailer and loses puck.
6:55 of 2nd period - Milan Lucic is hit by Calvin de Haan and loses puck.
7:31 of 2nd period - Matthew Spiller is hit by Devante Smith-Pelly and loses puck.
7:42 of 2nd period - Milan Lucic is hit by Jay Bouwmeester and loses puck.
8:11 of 2nd period - Luke Schenn is hit by Nick Bonino.
9:03 of 2nd period - Off-side.
9:04 of 2nd period - Tomas Hertl wins face-off versus Nick Bonino in neutral zone.
9:38 of 2nd period - Icing by Antoine Roussel.
9:39 of 2nd period - Jakob Silfverberg wins face-off versus Artem Anisimov in Blackhawks zone.
10:18 of 2nd period - Slapshot by Derek Roy.
10:18 of 2nd period - Shot Hit the Post.
10:49 of 2nd period - Colby Armstrong is hit by Matt Delahey and loses puck.
11:08 of 2nd period - Slapshot by Johnny Gaudreau.
11:08 of 2nd period - Shot Misses the Net.
11:10 of 2nd period - Backhand shot by Jakob Silfverberg.
11:10 of 2nd period - Shot Misses the Net.
11:12 of 2nd period - Slapshot by Jordan Staal.
11:12 of 2nd period - Shot Blocked by Richard Panik.
11:14 of 2nd period - Snap shot by Johnny Gaudreau.
11:14 of 2nd period - Stopped by Frederik Andersen without a rebound.
11:15 of 2nd period - Chris Bourque wins face-off versus Jordan Staal in Rangers zone.
11:22 of 2nd period - Jordan Staal is hit by Tomas Hertl and loses puck.
11:48 of 2nd period - Snap shot by Artem Anisimov.
11:48 of 2nd period - Stopped by Tuukka Rask without a rebound.
11:49 of 2nd period - Derek Roy wins face-off versus Artem Anisimov in Blackhawks zone.
11:49 of 2nd period - Derek Roy is hit by Artem Anisimov.
11:59 of 2nd period - Radko Gudas is hit by T.J Galiardi and loses puck.
12:26 of 2nd period - Snap shot by Alexander Frolov.
12:26 of 2nd period - Shot Misses the Net.
12:42 of 2nd period - Johnny Gaudreau is hit by Milan Lucic and loses puck.
12:47 of 2nd period - Wrist shot by Milan Lucic.
12:47 of 2nd period - Shot Blocked by Calvin de Haan.
12:57 of 2nd period - Colby Armstrong is hit by Artem Anisimov and loses puck.
13:04 of 2nd period - Wrist shot by T.J Galiardi.
13:04 of 2nd period - Shot Blocked by Colby Armstrong.
13:28 of 2nd period - Backhand shot by Luke Schenn.
13:28 of 2nd period - Shot Misses the Net.
13:30 of 2nd period - Wrist shot by Tomas Hertl.
13:30 of 2nd period - Deflect By Chris Bourque.
13:30 of 2nd period - Shot Blocked by Corey Perry.
13:30 of 2nd period - Puck is out of play.
13:31 of 2nd period - Jordan Staal wins face-off versus Sean Couturier in Blackhawks zone.
13:31 of 2nd period - Jordan Staal is hit by Matt Delahey.
13:41 of 2nd period - Slapshot by Johnny Gaudreau.
13:41 of 2nd period - Shot Misses the Net.
14:17 of 2nd period - Wrist shot by Milan Lucic.
14:17 of 2nd period - Shot Misses the Net.
14:19 of 2nd period - Slapshot by Patrik Nemeth.
14:19 of 2nd period - Shot Misses the Net.
14:21 of 2nd period - Snap shot by Steve Quailer.
14:21 of 2nd period - Shot Misses the Net.
14:23 of 2nd period - Snap shot by Milan Lucic.
14:23 of 2nd period - Stopped by Tuukka Rask with a rebound.
14:27 of 2nd period - Slapshot by Milan Lucic.
14:27 of 2nd period - Stopped by Tuukka Rask without a rebound.
14:28 of 2nd period - Jordan Staal wins face-off versus Tomas Hertl in Blackhawks zone.
15:05 of 2nd period - Snap shot by Artem Anisimov.
15:05 of 2nd period - Shot Blocked by Radko Gudas.
15:07 of 2nd period - Slapshot by Artem Anisimov.
15:07 of 2nd period - Shot Blocked by Antoine Roussel.
15:29 of 2nd period - Slapshot by Nick Bonino.
15:29 of 2nd period - Shot Blocked by Brett Ponich.
15:55 of 2nd period - Alexander Frolov is hit by Matt Delahey and loses puck.
16:12 of 2nd period - Wrist shot by James Wright.
16:12 of 2nd period - Goal by James Wright - Blackhawks : 3 - Rangers : 0.
16:13 of 2nd period - Jordan Staal wins face-off versus Sean Couturier in neutral zone.
16:16 of 2nd period - Slapshot by Calvin de Haan.
16:16 of 2nd period - Shot Misses the Net.
16:18 of 2nd period - Slapshot by Calvin de Haan.
16:18 of 2nd period - Stopped by Frederik Andersen with a rebound.
16:20 of 2nd period - Snap shot by Jakob Silfverberg.
16:20 of 2nd period - Deflect By Luke Schenn.
16:20 of 2nd period - Shot Blocked by Sean Couturier.
16:20 of 2nd period - Puck is out of play.
16:21 of 2nd period - Jordan Staal wins face-off versus Sean Couturier in Rangers zone.
16:44 of 2nd period - Slapshot by Johnny Gaudreau.
16:44 of 2nd period - Stopped by Frederik Andersen without a rebound.
16:45 of 2nd period - Derek Roy wins face-off versus Tomas Hertl in Rangers zone.
17:37 of 2nd period - Snap shot by James Wright.
17:37 of 2nd period - Stopped by Frederik Andersen without a rebound.
17:38 of 2nd period - Sean Couturier wins face-off versus Jordan Staal in Rangers zone.
18:04 of 2nd period - Corey Perry is hit by Luke Schenn and loses puck.
18:33 of 2nd period - Jamie McBain is hit by Luke Schenn and loses puck.
18:48 of 2nd period - Snap shot by Johnny Gaudreau.
18:48 of 2nd period - Stopped by Frederik Andersen without a rebound.
18:49 of 2nd period - Jordan Staal wins face-off versus Milan Lucic in Rangers zone.
19:21 of 2nd period - Wrist shot by Jakob Silfverberg.
19:21 of 2nd period - Stopped by Frederik Andersen with a rebound.
19:23 of 2nd period - Snap shot by Jakob Silfverberg.
19:23 of 2nd period - Shot Blocked by Richard Panik.
19:25 of 2nd period - Wrist shot by Jakob Silfverberg.
19:25 of 2nd period - Stopped by Frederik Andersen without a rebound.
19:26 of 2nd period - Tomas Hertl wins face-off versus Derek Roy in Rangers zone.
19:26 of 2nd period - Tomas Hertl is hit by Antoine Roussel.
19:53 of 2nd period - Morgan Ellis is hit by Alexander Frolov and loses puck.
Goals for this period are 1 for Blackhawks vs 0 for Rangers.
Shots for this period are 12 for Blackhawks vs 3 for Rangers.
3rd period
0:01 of 3rd period - Sean Couturier wins face-off versus Jordan Staal in neutral zone.
0:04 of 3rd period - Slapshot by Luke Schenn.
0:04 of 3rd period - Shot Misses the Net.
0:06 of 3rd period - Wrist shot by Sean Couturier.
0:06 of 3rd period - Shot Misses the Net.
0:08 of 3rd period - Slapshot by Sean Couturier.
0:08 of 3rd period - Shot Misses the Net.
0:10 of 3rd period - Snap shot by Sean Couturier.
0:10 of 3rd period - Shot Blocked by Jamie McBain.
0:12 of 3rd period - Slapshot by Milan Lucic.
0:12 of 3rd period - Deflect By Sean Couturier.
0:12 of 3rd period - Stopped by Tuukka Rask without a rebound.
0:13 of 3rd period - Jordan Staal wins face-off versus Sean Couturier in Blackhawks zone.
0:24 of 3rd period - Wrist shot by Milan Lucic.
0:24 of 3rd period - Shot Misses the Net.
0:26 of 3rd period - Snap shot by Milan Lucic.
0:26 of 3rd period - Shot Blocked by Johnny Gaudreau.
1:32 of 3rd period - Slapshot by Jakob Silfverberg.
1:32 of 3rd period - Shot Blocked by Luke Schenn.
1:48 of 3rd period - Wrist shot by Magnus Paajarvi.
1:48 of 3rd period - Stopped by Tuukka Rask with a rebound.
1:50 of 3rd period - Snap shot by Milan Lucic.
1:50 of 3rd period - Stopped by Tuukka Rask with a rebound.
2:46 of 3rd period - Snap shot by Chris Bourque.
2:46 of 3rd period - Stopped by Tuukka Rask without a rebound.
2:47 of 3rd period - Tomas Hertl wins face-off versus Nick Bonino in Blackhawks zone.
2:52 of 3rd period - Wrist shot by Devante Smith-Pelly.
2:52 of 3rd period - Stopped by Tuukka Rask with a rebound.
2:54 of 3rd period - Wrist shot by Tomas Hertl.
2:54 of 3rd period - Goal by Tomas Hertl - Blackhawks : 3 - Rangers : 1.
2:55 of 3rd period - Jordan Staal wins face-off versus Sean Couturier in neutral zone.
3:08 of 3rd period - Sean Couturier is hit by Jakob Silfverberg and loses puck.
3:25 of 3rd period - Wrist shot by T.J Galiardi.
3:25 of 3rd period - Shot Misses the Net.
4:07 of 3rd period - Snap shot by Johnny Gaudreau.
4:07 of 3rd period - Stopped by Frederik Andersen without a rebound.
4:08 of 3rd period - Derek Roy wins face-off versus Milan Lucic in Rangers zone.
4:41 of 3rd period - Snap shot by Blake Wheeler.
4:41 of 3rd period - Stopped by Frederik Andersen with a rebound.
4:43 of 3rd period - Slapshot by Calvin de Haan.
4:43 of 3rd period - Shot Blocked by Chris Bourque.
4:45 of 3rd period - Snap shot by James Wright.
4:45 of 3rd period - Shot Blocked by Tomas Hertl.
4:56 of 3rd period - Dmitry Kulikov is hit by Brett Maclean and loses puck.
5:38 of 3rd period - Off-side.
5:39 of 3rd period - James Wright wins face-off versus Tomas Hertl in neutral zone.
5:44 of 3rd period - Slapshot by Alexander Frolov.
5:44 of 3rd period - Shot Misses the Net.
5:54 of 3rd period - Snap shot by James Wright.
5:54 of 3rd period - Stopped by Frederik Andersen with a rebound.
6:26 of 3rd period - Wrist shot by Sean Couturier.
6:26 of 3rd period - Shot Blocked by Jamie McBain.
6:28 of 3rd period - Slapshot by Matt Delahey.
6:28 of 3rd period - Shot Blocked by Corey Perry.
6:30 of 3rd period - Wrist shot by Sean Couturier.
6:30 of 3rd period - Shot Blocked by Derek Roy.
7:37 of 3rd period - Snap shot by Derek Roy.
7:37 of 3rd period - Shot Misses the Net.
7:39 of 3rd period - Snap shot by Derek Roy.
7:39 of 3rd period - Goal by Derek Roy - Blackhawks : 4 - Rangers : 1.
7:40 of 3rd period - Jordan Staal wins face-off versus Sean Couturier in neutral zone.
7:52 of 3rd period - Minor Penalty to Steve Quailer for Slashing.
7:53 of 3rd period - Milan Lucic wins face-off versus Jordan Staal in Rangers zone.
8:05 of 3rd period - Snap shot by Milan Lucic.
8:05 of 3rd period - Shot Misses the Net.
8:50 of 3rd period - Sean Couturier is hit by Derek Roy and loses puck.
9:03 of 3rd period - Dmitry Kulikov is hit by Jakob Silfverberg and loses puck.
9:40 of 3rd period - Matt Delahey is hit by Raphael Diaz and loses puck.
9:51 of 3rd period - Chris Bourque is hit by Derek Roy and loses puck.
9:52 of 3rd period - Penalty to Steve Quailer is over, Steve Quailer is back on ice.
10:02 of 3rd period - Calvin de Haan is hit by Milan Lucic and loses puck.
10:19 of 3rd period - Morgan Ellis is hit by Raphael Diaz and loses puck.
10:24 of 3rd period - Snap shot by Nick Bonino.
10:24 of 3rd period - Stopped by Frederik Andersen without a rebound.
10:25 of 3rd period - Artem Anisimov wins face-off versus James Wright in Rangers zone.
11:08 of 3rd period - Devante Smith-Pelly is hit by Jordan Staal and loses puck.
11:54 of 3rd period - Wrist shot by James Wright.
11:54 of 3rd period - Shot Hit the Post.
11:56 of 3rd period - Slapshot by Jamie McBain.
11:56 of 3rd period - Stopped by Frederik Andersen with a rebound.
12:41 of 3rd period - Slapshot by Antoine Roussel.
12:41 of 3rd period - Stopped by Frederik Andersen with a rebound.
12:59 of 3rd period - Calvin de Haan is hit by Magnus Paajarvi and loses puck.
13:22 of 3rd period - Wrist shot by Sean Couturier.
13:22 of 3rd period - Deflect By Steve Quailer.
13:22 of 3rd period - Stopped by Tuukka Rask with a rebound.
13:24 of 3rd period - Snap shot by Steve Quailer.
13:24 of 3rd period - Stopped by Tuukka Rask with a rebound.
13:26 of 3rd period - Slapshot by Brett Ponich.
13:26 of 3rd period - Stopped by Tuukka Rask without a rebound.
13:27 of 3rd period - Derek Roy wins face-off versus Tomas Hertl in Blackhawks zone.
13:44 of 3rd period - Patrik Nemeth is hit by Antoine Roussel and loses puck.
14:03 of 3rd period - Slapshot by Milan Lucic.
14:03 of 3rd period - Shot Misses the Net.
14:59 of 3rd period - Devante Smith-Pelly is hit by Jay Bouwmeester and loses puck.
15:28 of 3rd period - Snap shot by Jordan Staal.
15:28 of 3rd period - Shot Misses the Net.
16:22 of 3rd period - Snap shot by Chris Bourque.
16:22 of 3rd period - Shot Misses the Net.
16:24 of 3rd period - Slapshot by Brett Ponich.
16:24 of 3rd period - Stopped by Tuukka Rask with a rebound.
16:26 of 3rd period - Snap shot by Morgan Ellis.
16:26 of 3rd period - Stopped by Tuukka Rask with a rebound.
17:50 of 3rd period - Snap shot by Dustin Brown.
17:50 of 3rd period - Shot Blocked by Jordan Staal.
17:52 of 3rd period - Wrist shot by Artem Anisimov.
17:52 of 3rd period - Shot Hit the Post.
17:54 of 3rd period - Slapshot by Brett Ponich.
17:54 of 3rd period - Stopped by Tuukka Rask without a rebound.
17:55 of 3rd period - Derek Roy wins face-off versus Sean Couturier in Blackhawks zone.
17:55 of 3rd period - Derek Roy is hit by Sean Couturier.
18:28 of 3rd period - Snap shot by James Wright.
18:28 of 3rd period - Goal by James Wright - Blackhawks : 5 - Rangers : 1.
18:29 of 3rd period - Sean Couturier wins face-off versus Jordan Staal in neutral zone.
18:56 of 3rd period - Dmitry Kulikov is hit by Antoine Roussel and loses puck.
19:02 of 3rd period - Icing by Devante Smith-Pelly.
19:03 of 3rd period - Derek Roy wins face-off versus Tomas Hertl in Rangers zone.
19:14 of 3rd period - Snap shot by Antoine Roussel.
19:14 of 3rd period - Stopped by Frederik Andersen with a rebound.
19:22 of 3rd period - Slapshot by Devante Smith-Pelly.
19:22 of 3rd period - Stopped by Tuukka Rask with a rebound.
19:24 of 3rd period - Slapshot by Devante Smith-Pelly.
19:24 of 3rd period - Shot Misses the Net.
19:26 of 3rd period - Slapshot by Chris Bourque.
19:26 of 3rd period - Stopped by Tuukka Rask without a rebound.
19:27 of 3rd period - Sean Couturier wins face-off versus Jordan Staal in Blackhawks zone.
19:40 of 3rd period - Steve Quailer is hit by Jordan Staal and loses puck.
Goals for this period are 2 for Blackhawks vs 1 for Rangers.
Shots for this period are 9 for Blackhawks vs 14 for Rangers.
Output by the SimonT Hockey Simulator (STHS) for Francois Prevost